Workbook

Sheet 题库
A1: 序号 | B1: 题干描述 | C1: 选项a | D1: 选项b | E1: 选项c | F1: 选项d | G1: 答题区 | H1: 判断区
A2: 1 | B2: 十六进制400转换成十进制数是( ) | C2: 4096 | D2: 1024 | E2: 2048 | F2: 8192 | H2: =IF(G2=I2,"未作答 ",IF(G2=Sheet1!A2,"正确","错误")) -> 未作答
A3: 2 | B3: 在 Windows7中,有两个对系统资源进行管理的程序组,它们是"资源管理器"和( ) | C3: "回收站" | D3: "网络邻居" | E3: "计算机" | F3: "我的文档" | H3: =IF(G3=I3,"未作答 ",IF(G3=Sheet1!A3,"正确","错误")) -> 未作答
A4: 3 | B4: 十进制数17转换成二进制数是( ) | C4: (10110)2 | D4: (10101)2 | E4: (10001)2 | F4: -11011 | H4: =IF(G4=I4,"未作答 ",IF(G4=Sheet1!A4,"正确","错误")) -> 未作答
A5: 4 | B5: 下列四个数中,数值最小的是( ) | C5: (25)10 | D5: (111)10 | E5: (10110)2 | F5: (10111)2 | H5: =IF(G5=I5,"未作答 ",IF(G5=Sheet1!A5,"正确","错误")) -> 未作答
A6: 5 | B6: 将一个 C 类网络划分为 4 个子网,其子网掩码是() | C6: 255.255.255.128 | D6: 255.255.255.192 | E6: .255.255.255.0 | F6: .255.0.0.0 | H6: =IF(G6=I6,"未作答 ",IF(G6=Sheet1!A6,"正确","错误")) -> 未作答
A7: 6 | B7: 因特网中的IP地址由四个字节组成,每个字节之间用()符号分开 | C7: 、 | D7: , | E7: ; | F7: . | H7: =IF(G7=I7,"未作答 ",IF(G7=Sheet1!A7,"正确","错误")) -> 未作答
A8: 7 | B8: 在Windows 7操作系统中,切换程序的快捷键是( ) | C8: "Win"+"D" | D8: "Win"+"P" | E8: "Win"+"Shift" | F8: "Alt"+"Tab" | H8: =IF(G8=I8,"未作答 ",IF(G8=Sheet1!A8,"正确","错误")) -> 未作答
A9: 8 | B9: 在Windows 7操作系统中,显示桌面的快捷键是( ) | C9: "Win"+"D" | D9: "Win"+"P" | E9: "Win"+"Tab" | F9: "Alt"+"Tab" | H9: =IF(G9=I9,"未作答 ",IF(G9=Sheet1!A9,"正确","错误")) -> 未作答
A10: 9 | B10: 用IE打开http://www.sina.com.cn,然后将该网页另存为网页文件,如命名为:"云计算", 这时在所保存的文件夹中保存了两个文件,以下正确的是( ) | C10: "云计算.txt"和"云计算.files" | D10: "云计算.htm"和"云计算.files" | E10: "云计算.htm"和"云计算.txt" | F10: "云计算.htm"和"云计算.bak" | H10: =IF(G10=I10,"未作答 ",IF(G10=Sheet1!A10,"正确","错误")) -> 未作答
A11: 10 | B11: 为保护计算机软件著作权人的权益,国务院颁布实施了( ) | C11: 《中华人民共和国著作权法》 | D11: 《软件著作保护法规》 | E11: 《计算机软件保护条例》 | F11: 《中华人民共和国软件保护法》 | H11: =IF(G11=I11,"未作答 ",IF(G11=Sheet1!A11,"正确","错误")) -> 未作答
A12: 11 | B12: 选定文本块后,按住()键拖拽鼠标到需要处,即可实现文本块的复制 | C12: 【Ctrl】 | D12: 【Shift】 | E12: 【Alt】 | F12: 无需按键 | H12: =IF(G12=I12,"未作答 ",IF(G12=Sheet1!A12,"正确","错误")) -> 未作答
A13: 12 | B13: 在 Windows 中,桌面指的是() | C13: 窗口、图标和对话框所在的屏幕背景 | D13: 电脑台 | E13: 【资源管理器】窗口 | F13: 活动窗口 | H13: =IF(G13=I13,"未作答 ",IF(G13=Sheet1!A13,"正确","错误")) -> 未作答
A14: 13 | B14: 二进制数1010转换成十进制数是( ) | C14: 8 | D14: 9 | E14: 10 | F14: 11 | H14: =IF(G14=I14,"未作答 ",IF(G14=Sheet1!A14,"正确","错误")) -> 未作答
A15: 14 | B15: 十进制数511的二进制数是( ) | C15: 11101110 | D15: 111111111 | E15: 100000000 | F15: 100000001 | H15: =IF(G15=I15,"未作答 ",IF(G15=Sheet1!A15,"正确","错误")) -> 未作答
A16: 15 | B16: IP地址也可以用4个十进制数表示,每个数必须小于( ) | C16: 128 | D16: 64 | E16: 1024 | F16: 256 | H16: =IF(G16=I16,"未作答 ",IF(G16=Sheet1!A16,"正确","错误")) -> 未作答
A17: 16 | B17: 与二进制数01011011对应的十进制数是( ) | C17: 123 | D17: 87 | E17: 107 | F17: 91 | H17: =IF(G17=I17,"未作答 ",IF(G17=Sheet1!A17,"正确","错误")) -> 未作答
A18: 17 | B18: 把十进制数513转换成二进制数是( ) | C18: 1000000001 | D18: 1100000001 | E18: 1100000011 | F18: 1100010001 | H18: =IF(G18=I18,"未作答 ",IF(G18=Sheet1!A18,"正确","错误")) -> 未作答
A19: 18 | B19: 下列各项中表示网站域名的是( ) | C19: http://www.163.com | D19: www.163.com | E19: 124.185.56.88 | F19: liming@163.com | H19: =IF(G19=I19,"未作答 ",IF(G19=Sheet1!A19,"正确","错误")) -> 未作答
A20: 19 | B20: 7位二进制编码的ASCII码可表示的字符个数为( ) | C20: 128 | D20: 130 | E20: 127 | F20: 64 | H20: =IF(G20=I20,"未作答 ",IF(G20=Sheet1!A20,"正确","错误")) -> 未作答
A21: 20 | B21: IPv6 的地址长度为( ) | C21: 32 | D21: 64 位 | E21: 128 | F21: 256 位 | H21: =IF(G21=I21,"未作答 ",IF(G21=Sheet1!A21,"正确","错误")) -> 未作答
A22: 21 | B22: 以下显示器分辨率最低的是( ) | C22: 800*600 | D22: 1024*768 | E22: 1440*900 | F22: 640*480 | H22: =IF(G22=I22,"未作答 ",IF(G22=Sheet1!A22,"正确","错误")) -> 未作答
A23: 22 | B23: 我国《专利法》规定,实用新型专利权和外观设计专利权的期限自申请日之日起( ) | C23: 5年 | D23: 10年 | E23: 15年 | F23: 20年 | H23: =IF(G23=I23,"未作答 ",IF(G23=Sheet1!A23,"正确","错误")) -> 未作答
A24: 23 | B24: 在IP地址172.20.18.39(子网掩码255.255.0.0)中,代表主机标识的部分是( ) | C24: 172.2 | D24: 39 | E24: 18.39 | F24: 20.18.39 | H24: =IF(G24=I24,"未作答 ",IF(G24=Sheet1!A24,"正确","错误")) -> 未作答
A25: 24 | B25: 在主机IP地址为192.168.1.6,子网掩码为255.255.255.0的机器中,代表网络标识的是( ) | C25: 192 | D25: 192.168 | E25: 192.168.1 | F25: 192.168.1.100 | H25: =IF(G25=I25,"未作答 ",IF(G25=Sheet1!A25,"正确","错误")) -> 未作答
A26: 25 | B26: 将二进制(10011)2转化成十进制正确的是( ) | C26: 18 | D26: 19 | E26: 20 | F26: 17 | H26: =IF(G26=I26,"未作答 ",IF(G26=Sheet1!A26,"正确","错误")) -> 未作答
A27: 26 | B27: 以下哪一个是用户仅可以在本地内部网络中使用的专用 IP 地址( ) | C27: 192.168.1.1 | D27: 20.10.1.1 | E27: 202.113.1.1 | F27: 203.5.1.1 | H27: =IF(G27=I27,"未作答 ",IF(G27=Sheet1!A27,"正确","错误")) -> 未作答
A28: 27 | B28: 下列IP地址中,非法的IP地址组是( ) | C28: 259.197.184.2与202.197.184.144 | D28: 127.0.0.1与192.168.0.21 | E28: 202.196.64.1与202.197.176.16 | F28: 255.255.255.0与10.10.3.1 | H28: =IF(G28=I28,"未作答 ",IF(G28=Sheet1!A28,"正确","错误")) -> 未作答
A29: 28 | B29: 下列各项中,非法的IP地址是() | C29: 126.96.2.6 | D29: 190.256.38.8 | E29: 203.113.7.15 | F29: 203.226.1.68 | H29: =IF(G29=I29,"未作答 ",IF(G29=Sheet1!A29,"正确","错误")) -> 未作答
A30: 29 | B30: 二进制数(11100)2转换成十进制数是( ) | C30: 25 | D30: 26 | E30: 27 | F30: 28 | H30: =IF(G30=I30,"未作答 ",IF(G30=Sheet1!A30,"正确","错误")) -> 未作答
A31: 30 | B31: 进制是( ) | C31: 对于任何一种进制---X进制,就表示某一位置上的数运算时是逢X进X位. | D31: 二进制数有两个特点:它由两个基本数字12组成. | E31: 进制也就是进位制,是人们规定的一种进位方法. | F31: 十六进制数有两个基本特点:它由十六个字符0~15组成 | H31: =IF(G31=I31,"未作答 ",IF(G31=Sheet1!A31,"正确","错误")) -> 未作答
A32: 31 | B32: 一个 SATA 接口最多可以连接( )台 Sata 设备 | C32: 1 | D32: 2 | E32: 3 | F32: 4 | H32: =IF(G32=I32,"未作答 ",IF(G32=Sheet1!A32,"正确","错误")) -> 未作答
A33: 32 | B33: 在 IP 地址中,B 类网络地址占用字节数为 ( ) | C33: 1 | D33: 2 | E33: 3 | F33: 4 | H33: =IF(G33=I33,"未作答 ",IF(G33=Sheet1!A33,"正确","错误")) -> 未作答
A34: 33 | B34: 在 FAT 格式的分区中,单个文件最大不能超过( ) | C34: 1 G | D34: 2G | E34: 3G | F34: 4G | H34: =IF(G34=I34,"未作答 ",IF(G34=Sheet1!A34,"正确","错误")) -> 未作答
A35: 34 | B35: 法人或者其他组织的软件著作权,保护期为( )年 | C35: 20 | D35: 30 | E35: 40 | F35: 50 | H35: =IF(G35=I35,"未作答 ",IF(G35=Sheet1!A35,"正确","错误")) -> 未作答
A36: 35 | B36: 现代移动设备要接入互联网所使用的方式不包括( ) | C36: WiFi | D36: 3G | E36: 4G | F36: NFC | H36: =IF(G36=I36,"未作答 ",IF(G36=Sheet1!A36,"正确","错误")) -> 未作答
A37: 36 | B37: IP v6地址位数是( ) | C37: 16位 | D37: 32位 | E37: 64位 | F37: 128位 | H37: =IF(G37=I37,"未作答 ",IF(G37=Sheet1!A37,"正确","错误")) -> 未作答
A38: 37 | B38: 三位二进制数能表示的最大十进制数是( ) | C38: 1 | D38: 7 | E38: 8 | F38: 9 | H38: =IF(G38=I38,"未作答 ",IF(G38=Sheet1!A38,"正确","错误")) -> 未作答
A39: 38 | B39: 计算机的配置为:Intel奔腾4 2.8GHz/4GB/80GB/50X/17',其中通常用来表示内存大小的是 ( ) | C39: Intel奔腾4 2.8GHz | D39: 4GB | E39: 80GB | F39: DVD | H39: =IF(G39=I39,"未作答 ",IF(G39=Sheet1!A39,"正确","错误")) -> 未作答
A40: 39 | B40: 计算机的配置为:Intel奔腾4 2.8GHz/4GB/80GB/50X/17',其中通常用来表示硬盘存储量大小的是 ( ) | C40: Intel奔腾4 2.8GHz | D40: 4GB | E40: 80GB | F40: DVD | H40: =IF(G40=I40,"未作答 ",IF(G40=Sheet1!A40,"正确","错误")) -> 未作答
A41: 40 | B41: 2进制数1001转换成10进制数是( ) | C41: 7 | D41: 8 | E41: 9 | F41: 10 | H41: =IF(G41=I41,"未作答 ",IF(G41=Sheet1!A41,"正确","错误")) -> 未作答
A42: 41 | B42: IP地址按节点计算机所在的网络规模的大小分为( ) | C42: A和B两类 | D42: A、B、C和D四类 | E42: A、B和C三类 | F42: A、B、C、D和E五类 | H42: =IF(G42=I42,"未作答 ",IF(G42=Sheet1!A42,"正确","错误")) -> 未作答
A43: 42 | B43: 以下哪个地址是 MAC 地址( ) | C43: 0D-01-22-AA | D43: 00-01-22-0A-AD-01 | E43: A0.01.00 | F43: 139.216.000.012.002 | H43: =IF(G43=I43,"未作答 ",IF(G43=Sheet1!A43,"正确","错误")) -> 未作答
A44: 43 | B44: 运算器和控制器的总称是( ) | C44: 主机 | D44: CPU | E44: ALU | F44: 存储器 | H44: =IF(G44=I44,"未作答 ",IF(G44=Sheet1!A44,"正确","错误")) -> 未作答
A45: 44 | B45: 目前用得最多的网卡的接口类型( ) | C45: RJ-11 | D45: RJ-45 | E45: BNC 同轴电缆连接器 | F45: DB-15 连接器 | H45: =IF(G45=I45,"未作答 ",IF(G45=Sheet1!A45,"正确","错误")) -> 未作答
A46: 45 | B46: 在哪一类网络中,可以发现使用 I P 地址 193.12.176.55 的工作站 ( ) | C46: A | D46: B | E46: C | F46: D | H46: =IF(G46=I46,"未作答 ",IF(G46=Sheet1!A46,"正确","错误")) -> 未作答
A47: 46 | B47: 126.16.1.1是( )类地址. | C47: A | D47: B | E47: C | F47: D | H47: =IF(G47=I47,"未作答 ",IF(G47=Sheet1!A47,"正确","错误")) -> 未作答
A48: 47 | B48: 下列有关存储器读写速度的排列,正确的是( ) | C48: RAM>Cache>硬盘>光盘 | D48: Cache>RAM>硬盘>光盘 | E48: Cache>硬盘>RAM>光盘 | F48: RAM>硬盘>光盘>Cache | H48: =IF(G48=I48,"未作答 ",IF(G48=Sheet1!A48,"正确","错误")) -> 未作答
A49: 48 | B49: 使用Cache可以提高计算机运行速度,这是因为( ) | C49: Cache增大了内存的容量 | D49: Cache扩大了硬盘的容量 | E49: Cache缩短了CPU的等待时间 | F49: Cache可以存放程序和数据 | H49: =IF(G49=I49,"未作答 ",IF(G49=Sheet1!A49,"正确","错误")) -> 未作答
A50: 49 | B50: 微机启动时使用的有关计算机硬件配置的重要参数保存在( )中 | C50: Cache | D50: RAM | E50: CD-RW | F50: CMOS | H50: =IF(G50=I50,"未作答 ",IF(G50=Sheet1!A50,"正确","错误")) -> 未作答
A51: 50 | B51: 李明去电脑城买计算机,看到一款计算机标识的配置为:Intel奔腾4 2.8GHz/4GB/250G/DVD刻录,250G是指(). | C51: 内存容量大小 | D51: 硬盘容量大小 | E51: CPU的主频 | F51: CPU的型号 | H51: =IF(G51=I51,"未作答 ",IF(G51=Sheet1!A51,"正确","错误")) -> 未作答
A52: 51 | B52: 在中文和英文输入法之间切换,最快的切换方式是( ) | C52: Ctrl+A | D52: Ctrl+C | E52: Ctrl+Shift | F52: Ctrl+空格 | H52: =IF(G52=I52,"未作答 ",IF(G52=Sheet1!A52,"正确","错误")) -> 未作答
A53: 52 | B53: IP地址202.202.32.30是哪类IP地址( ) | C53: A类 | D53: B类 | E53: C类 | F53: D类 | H53: =IF(G53=I53,"未作答 ",IF(G53=Sheet1!A53,"正确","错误")) -> 未作答
... A285: 284 | B285: 网络中负责IP地址与域名之间转换的是( ) | C285: DNS | D285: Windows | E285: UNIX | F285: FTP | H285: =IF(G285=I285,"未作答 ",IF(G285=Sheet1!A285,"正确","错误")) -> 未作答
A286: 285 | B286: 十进制数14对应的二进制数是( ) | C286: 1111 | D286: 1110 | E286: 1010 | F286: 1100 | H286: =IF(G286=I286,"未作答 ",IF(G286=Sheet1!A286,"正确","错误")) -> 未作答
A287: 286 | B287: 以下显示器分辨率最高的是( ) | C287: 800*600 | D287: 1024*768 | E287: 1440*900 | F287: 640*480 | H287: =IF(G287=I287,"未作答 ",IF(G287=Sheet1!A287,"正确","错误")) -> 未作答
A288: 287 | B288: 在主机IP地址为192.168.1.6、子网掩码为255.255.255.0的机器中,代表网络标识的是( ) | C288: 192 | D288: 192.168 | E288: 192.168.1 | F288: 192.168.1.100 | H288: =IF(G288=I288,"未作答 ",IF(G288=Sheet1!A288,"正确","错误")) -> 未作答
A289: 288 | B289: 李明家通过ADSL接入因特网,现有两台配有无线网卡的笔记本电脑,要求在家中任意房间 | C289: 分配器 | D289: 集线器 | E289: 服务器 | F289: 无线路由器 | H289: =IF(G289=I289,"未作答 ",IF(G289=Sheet1!A289,"正确","错误")) -> 未作答
A290: 289 | B290: ( )指的是计算机处理数据时一次所能存储、运算、传递的二进制位数. | C290: 字长 | D290: 个数 | E290: 字节 | F290: 大小 | H290: =IF(G290=I290,"未作答 ",IF(G290=Sheet1!A290,"正确","错误")) -> 未作答
A291: 290 | B291: "64位机"中的"64位"指的是( ). | C291: 微机型号 | D291: 机器字长 | E291: 内存容量 | F291: 存储单位 | H291: =IF(G291=I291,"未作答 ",IF(G291=Sheet1!A291,"正确","错误")) -> 未作答
A292: 291 | B292: 1024×768像素的图像,每个像素占用2个字节的存储空间,为了存储这幅图像所需的字节数大约是( ). | C292: 1.5K | D292: 192K | E292: 1.5M | F292: 3M | H292: =IF(G292=I292,"未作答 ",IF(G292=Sheet1!A292,"正确","错误")) -> 未作答
A293: 292 | B293: 10KB=( ). | C293: 1000B | D293: 10000B | E293: 1024B | F293: 10240B | H293: =IF(G293=I293,"未作答 ",IF(G293=Sheet1!A293,"正确","错误")) -> 未作答
A294: 293 | B294: 1KB表示( ). | C294: 1000个二进制信息位 | D294: 1024个二进制信息位 | E294: 1000个字节 | F294: 1024个字节 | H294: =IF(G294=I294,"未作答 ",IF(G294=Sheet1!A294,"正确","错误")) -> 未作答
A295: 294 | B295: 1KB的存储容量最多可以存储( )个字符. | C295: 500 | D295: 512 | E295: 1000 | F295: 1024 | H295: =IF(G295=I295,"未作答 ",IF(G295=Sheet1!A295,"正确","错误")) -> 未作答
A296: 295 | B296: 1MB=( ). | C296: 1000B | D296: 1024B | E296: 1000KB | F296: 1024KB | H296: =IF(G296=I296,"未作答 ",IF(G296=Sheet1!A296,"正确","错误")) -> 未作答
A297: 296 | B297: 1MB不等于( ). | C297: 2的20次方 Byte | D297: 100万Byte | E297: 1024*1024Byte | F297: 1024KB | H297: =IF(G297=I297,"未作答 ",IF(G297=Sheet1!A297,"正确","错误")) -> 未作答
A298: 297 | B298: 1TB=( )B. | C298: 2的50次方 | D298: 2的20次方 | E298: 2的30次方 | F298: 2的40次方 | H298: =IF(G298=I298,"未作答 ",IF(G298=Sheet1!A298,"正确","错误")) -> 未作答
A299: 298 | B299: 1个字节可以存放( )个0~255之间的整数. | C299: 1 | D299: 2 | E299: 3 | F299: 4 | H299: =IF(G299=I299,"未作答 ",IF(G299=Sheet1!A299,"正确","错误")) -> 未作答
A300: 299 | B300: 24×24点阵的字形码需要( )字节存储? | C300: 72 | D300: 64 | E300: 48 | F300: 32 | H300: =IF(G300=I300,"未作答 ",IF(G300=Sheet1!A300,"正确","错误")) -> 未作答
A301: 300 | B301: 256KB=( )b. | C301: 2的11次方 | D301: 2的21次方 | E301: 2的31次方 | F301: 2的32次方 | H301: =IF(G301=I301,"未作答 ",IF(G301=Sheet1!A301,"正确","错误")) -> 未作答
A302: 301 | B302: 4GB=( )B. | C302: 2的11次方 | D302: 2的21次方 | E302: 2的31次方 | F302: 2的32次方 | H302: =IF(G302=I302,"未作答 ",IF(G302=Sheet1!A302,"正确","错误")) -> 未作答
A303: 302 | B303: 4个字节是( )个二进制位. | C303: 16 | D303: 32 | E303: 48 | F303: 64 | H303: =IF(G303=I303,"未作答 ",IF(G303=Sheet1!A303,"正确","错误")) -> 未作答
A304: 303 | B304: 512MB=( )B. | C304: 2的19次方 | D304: 2的29次方 | E304: 2的39次方 | F304: 2的49次方 | H304: =IF(G304=I304,"未作答 ",IF(G304=Sheet1!A304,"正确","错误")) -> 未作答
A305: 304 | B305: 8个字节含二进制位( ). | C305: 8个 | D305: 16个 | E305: 30个 | F305: 64个 | H305: =IF(G305=I305,"未作答 ",IF(G305=Sheet1!A305,"正确","错误")) -> 未作答
A306: 305 | B306: bit的意思是( ). | C306: 字 | D306: 字长 | E306: 二进制位 | F306: 字节 | H306: =IF(G306=I306,"未作答 ",IF(G306=Sheet1!A306,"正确","错误")) -> 未作答
A307: 306 | B307: 表示计算机存储容量时,1GB表示( )字节. | C307: 2的10次方 | D307: 2的20次方 | E307: 2的30次方 | F307: 2的40次方 | H307: =IF(G307=I307,"未作答 ",IF(G307=Sheet1!A307,"正确","错误")) -> 未作答
A308: 307 | B308: 存储400个24×24点阵汉字字形所需的存储容量大约是( ). | C308: 255KB | D308: 75KB | E308: 37.5KB | F308: 28KB | H308: =IF(G308=I308,"未作答 ",IF(G308=Sheet1!A308,"正确","错误")) -> 未作答
A309: 308 | B309: 存储一幅没有经过压缩的1024×768象素、16位色彩色的图像需要的字节数约为( ). | C309: 1MB | D309: 1.5MB | E309: 12MB | F309: 384KB | H309: =IF(G309=I309,"未作答 ",IF(G309=Sheet1!A309,"正确","错误")) -> 未作答
A310: 309 | B310: 存储一个32×32点阵汉字字型信息的字节数是( ). | C310: 64B | D310: 128B | E310: 256B | F310: 512B | H310: =IF(G310=I310,"未作答 ",IF(G310=Sheet1!A310,"正确","错误")) -> 未作答
A311: 310 | B311: 存储一张40×50像素(8位)的图像,其存储容量为( ). | C311: 16000B | D311: 2000B | E311: 40B | F311: 90B | H311: =IF(G311=I311,"未作答 ",IF(G311=Sheet1!A311,"正确","错误")) -> 未作答
A312: 311 | B312: 存放10个16*16点阵的汉字字模,需要存储空间为( ). | C312: 64B | D312: 128B | E312: 320B | F312: 1KB | H312: =IF(G312=I312,"未作答 ",IF(G312=Sheet1!A312,"正确","错误")) -> 未作答
A313: 312 | B313: 地址范围为1000H到4FFFH 的存储空间为( )KB. | C313: 32KB | D313: 7FFFB | E313: 16KB | F313: 8000B | H313: =IF(G313=I313,"未作答 ",IF(G313=Sheet1!A313,"正确","错误")) -> 未作答
A314: 313 | B314: 衡量计算机存储容量的基本单位是( ). | C314: 字长 | D314: 位 | E314: 字节 | F314: 大小 | H314: =IF(G314=I314,"未作答 ",IF(G314=Sheet1!A314,"正确","错误")) -> 未作答
A315: 314 | B315: 计算机存储器中,一个字节由( )个二进制位组成. | C315: 4 | D315: 8 | E315: 16 | F315: 32 | H315: =IF(G315=I315,"未作答 ",IF(G315=Sheet1!A315,"正确","错误")) -> 未作答
A316: 315 | B316: 计算机存储容量的基本单位是( ). | C316: 二进制位 | D316: 字节 | E316: 字 | F316: 双字 | H316: =IF(G316=I316,"未作答 ",IF(G316=Sheet1!A316,"正确","错误")) -> 未作答
A317: 316 | B317: 计算机内存储器中,存储单元是按照( )来编址的. | C317: 二进制 | D317: 字节 | E317: 字 | F317: 位 | H317: =IF(G317=I317,"未作答 ",IF(G317=Sheet1!A317,"正确","错误")) -> 未作答
A318: 317 | B318: 计算机内一切信息的存储、传输和处理都采用( ). | C318: ASCII码 | D318: 二进制 | E318: BCD码 | F318: 十六进制 | H318: =IF(G318=I318,"未作答 ",IF(G318=Sheet1!A318,"正确","错误")) -> 未作答
A319: 318 | B319: 计算机能处理的最小数据单位是( ). | C319: ASCII码值 | D319: 字节 | E319: 字符串 | F319: 二进制位 | H319: =IF(G319=I319,"未作答 ",IF(G319=Sheet1!A319,"正确","错误")) -> 未作答
A320: 319 | B320: 计算机在同一时间内处理的一组二进制数位数称为( ). | C320: 位 | D320: 字节 | E320: 字 | F320: 字长 | H320: =IF(G320=I320,"未作答 ",IF(G320=Sheet1!A320,"正确","错误")) -> 未作答
A321: 320 | B321: 计算机中8KB表示的二进制位数是( ). | C321: 8×1000 | D321: 8×1000×8 | E321: 1024×8 | F321: 8×1024×8 | H321: =IF(G321=I321,"未作答 ",IF(G321=Sheet1!A321,"正确","错误")) -> 未作答
A322: 321 | B322: 计算机中存放数据的最小单位是( ). | C322: bit | D322: BYTE | E322: KB | F322: MB | H322: =IF(G322=I322,"未作答 ",IF(G322=Sheet1!A322,"正确","错误")) -> 未作答
A323: 322 | B323: 假设一种计算机内存容量是1M字节,则表示有( )个二进制位. | C323: 1024×1024×8 | D323: 1024×8 | E323: 1024×1024×4 | F323: 1024×4 | H323: =IF(G323=I323,"未作答 ",IF(G323=Sheet1!A323,"正确","错误")) -> 未作答
A324: 323 | B324: 决定计算机的计算精度的技术指标是( ). | C324: 字长 | D324: 主频 | E324: 存储容量 | F324: 进位数制 | H324: =IF(G324=I324,"未作答 ",IF(G324=Sheet1!A324,"正确","错误")) -> 未作答
A325: 324 | B325: 录制一个采样频率为44.1KHz,量化位数为32,四声道立体环绕的WAV格式音频数据40秒,需要的磁盘存储空间大约是( ). | C325: 27MB | D325: 225MB | E325: 7MB | F325: 27KB | H325: =IF(G325=I325,"未作答 ",IF(G325=Sheet1!A325,"正确","错误")) -> 未作答
A326: 325 | B326: 某电子设备的电路板上有一个6位的"跳板开关",此开关每一位都只有"打开"和"闭合"两种状态.这个"跳板开关"最多能表示的状态数为( ). | C326: 120 | D326: 64 | E326: 60 | F326: 6 | H326: =IF(G326=I326,"未作答 ",IF(G326=Sheet1!A326,"正确","错误")) -> 未作答
A327: 326 | B327: 某计算机的字长是32,则表示该计算机同一时刻能同时处理( )二进制位的信息. | C327: 4个 | D327: 8个 | E327: 16个 | F327: 32个 | H327: =IF(G327=I327,"未作答 ",IF(G327=Sheet1!A327,"正确","错误")) -> 未作答
A328: 327 | B328: 某计算机的字长为4个字节,表示( ). | C328: 该计算机能处理的字符串最多为8个ASCII字符 | D328: 该计算机能处理的数值最大为4位9999D | E328: 该计算机的CPU运算结果最大为8的32次方 | F328: 该计算机的CPU中作为一个整体加以传送处理的二进制码为32位 | H328: =IF(G328=I328,"未作答 ",IF(G328=Sheet1!A328,"正确","错误")) -> 未作答
A329: 328 | B329: 某数据文件压缩后的数据量是512KB,已知其压缩比是200:l,则原文件数据量是( ). | C329: 102.4MB | D329: 100MB | E329: 2.56KB | F329: 2560KB | H329: =IF(G329=I329,"未作答 ",IF(G329=Sheet1!A329,"正确","错误")) -> 未作答
A330: 329 | B330: 某微型计算机的内存储器容量是128MB,这里的1MB是( ). | C330: 1024×1024个字节 | D330: 1024个二进制位 | E330: 1000个字节 | F330: 1000~1000个字节 | H330: =IF(G330=I330,"未作答 ",IF(G330=Sheet1!A330,"正确","错误")) -> 未作答
A331: 330 | B331: 某一台微型计算机的内存容量为1G,指的是( ). | C331: 1024M位 | D331: 1024M字节 | E331: 1024M字 | F331: 1000K字节 | H331: =IF(G331=I331,"未作答 ",IF(G331=Sheet1!A331,"正确","错误")) -> 未作答
...

Sheet Sheet1
A1: 标准答案
A2: B
A3: C
A4: C
A5: C
A6: B
A7: D
A8: D
A9: A
A10: B
A11: C
A12: A
... A11071: A
